TOP OF THE 1ST |
Seattle Aviators batting - Pitching for Kingston Township Legion : RHP Woody Carlson
|
Pitching: RHP Woody Carlson
|
|
Batting: RHB Randolph Davis
|
0-0: Called Strike 0-1: Ball 1-1: Called Strike 1-2: Ball 2-2: Foul Ball, location: 2F 2-2: Strikes out swinging
|
Batting: RHB Kenzaburo Hori
|
0-0: Ground out 5-3 (Groundball, 56)
|
Batting: RHB Tanyu Kimura
|
0-0: Ball 1-0: Fly out, F8 (Flyball, 8LD)
|
Top of the 1st over - 0 run(s), 0 hit(s), 0 error(s), 0 left on base; Seattle 0 - Kingston Township 0 |
BOTTOM OF THE 1ST |
Kingston Township Legion batting - Pitching for Seattle Aviators : LHP Dan Mitchell
|
Pitching: LHP Dan Mitchell
|
|
Batting: LHB Forrest McCooke
|
0-0: Ball 1-0: Ground out U3 (Groundball, 3)
|
Batting: LHB Gonzalo López
|
0-0: Ball 1-0: Called Strike 1-1: Ball 2-1: Fly out, F7 (Flyball, 7M)
|
Batting: RHB Layton Templeman
|
0-0: Ball 1-0: Called Strike 1-1: Foul Ball, location: 2F 1-2: Foul Ball, location: 2F 1-2: Foul Ball, location: 2F 1-2: Strikes out looking
|
Bottom of the 1st over - 0 run(s), 0 hit(s), 0 error(s), 0 left on base; Seattle 0 - Kingston Township 0 |
TOP OF THE 2ND |
Seattle Aviators batting - Pitching for Kingston Township Legion : RHP Woody Carlson
|
Batting: LHB Ramón García
|
0-0: Foul Ball, location: 2F 0-1: Ball 1-1: Foul Ball, location: 2F 1-2: Ball 2-2: SINGLE (Groundball, 6MD)
|
Batting: RHB Sean Davis
|
0-0: Called Strike 0-1: Fielders Choice at 2nd, 1-6 (Groundball, 25)
|
Batting: RHB Brian Williams
|
0-0: Ball 1-0: Foul Ball, location: 2F 1-1: Ball Sean Davis is caught stealing 2nd base 2-1: SINGLE (Groundball, 4)
|
Batting: RHB Vernon Caw
|
0-0: Ball 1-0: Swinging Strike 1-1: Fly out, F8 (Flyball, 8LXD)
|
Top of the 2nd over - 0 run(s), 2 hit(s), 0 error(s), 1 left on base; Seattle 0 - Kingston Township 0 |
BOTTOM OF THE 2ND |
Kingston Township Legion batting - Pitching for Seattle Aviators : LHP Dan Mitchell
|
Batting: LHB Clay Rush
|
0-0: Foul Ball, location: 2F 0-1: Called Strike 0-2: Ball 1-2: Ball 2-2: Ball 3-2: SINGLE (Flyball, 89S)
|
Batting: RHB Akihiko Oike
|
0-0: Ball 1-0: Swinging Strike 1-1: Called Strike 1-2: Ball 2-2: Strikes out swinging
|
Batting: RHB Pedro Mendoza
|
0-0: Called Strike 0-1: Ball 1-1: Swinging Strike 1-2: Fly out, F8 (Flyball, 8LD)
|
Batting: RHB Noel Wells
|
0-0: Called Strike 0-1: Swinging Strike 0-2: Ball 1-2: SINGLE (Groundball, 6MD) Clay Rush to second
|
Batting: RHB Stan Pierce
|
0-0: Called Strike 0-1: Ground out 4-3 (Groundball, 4)
|
Bottom of the 2nd over - 0 run(s), 2 hit(s), 0 error(s), 2 left on base; Seattle 0 - Kingston Township 0 |
TOP OF THE 3RD |
Seattle Aviators batting - Pitching for Kingston Township Legion : RHP Woody Carlson
|
Batting: LHB Kenny Webster
|
0-0: Ball 1-0: Ground out 3-1 (Groundball, 34)
|
Batting: RHB Clarence Fox
|
0-0: Ball 1-0: Ball 2-0: Foul Ball, location: 2F 2-1: Fly out, F2 (Popup, 2LF)
|
Batting: RHB Randolph Davis
|
0-0: Ball 1-0: Fly out, F8 (Flyball, 8LXD)
|
Top of the 3rd over - 0 run(s), 0 hit(s), 0 error(s), 0 left on base; Seattle 0 - Kingston Township 0 |
BOTTOM OF THE 3RD |
Kingston Township Legion batting - Pitching for Seattle Aviators : LHP Dan Mitchell
|
Batting: RHB Jon Erickson
|
0-0: Fly out, F8 (Flyball, 8LD)
|
Batting: LHB Forrest McCooke
|
0-0: Ground out 1-3 (Groundball, 13)
|
Batting: LHB Gonzalo López
|
0-0: Ball 1-0: Ball 2-0: Ball 3-0: Called Strike 3-1: Base on Balls
|
Batting: RHB Layton Templeman
|
0-0: Ball 1-0: Ball 2-0: Ball 3-0: Base on Balls Gonzalo López to second
|
Batting: LHB Clay Rush
|
0-0: Ball 1-0: Swinging Strike 1-1: Called Strike 1-2: Foul Ball, location: 2F 1-2: Strikes out swinging
|
Bottom of the 3rd over - 0 run(s), 0 hit(s), 0 error(s), 2 left on base; Seattle 0 - Kingston Township 0 |
TOP OF THE 4TH |
Seattle Aviators batting - Pitching for Kingston Township Legion : RHP Woody Carlson
|
Batting: RHB Kenzaburo Hori
|
0-0: Called Strike 0-1: Ball 1-1: Ball 2-1: Ball 3-1: Called Strike 3-2: Fly out, F8 (Flyball, 8LM)
|
Batting: RHB Tanyu Kimura
|
0-0: Ground out 6-3 (Groundball, 6)
|
Batting: LHB Ramón García
|
0-0: Foul Ball, location: 2F 0-1: Fly out, F2 (Popup, 2LF)
|
Top of the 4th over - 0 run(s), 0 hit(s), 0 error(s), 0 left on base; Seattle 0 - Kingston Township 0 |
BOTTOM OF THE 4TH |
Kingston Township Legion batting - Pitching for Seattle Aviators : LHP Dan Mitchell
|
Batting: RHB Akihiko Oike
|
0-0: Ball 1-0: Ball 2-0: Fly out, F7 (Line Drive, 78M)
|
Batting: RHB Pedro Mendoza
|
0-0: Called Strike 0-1: Swinging Strike 0-2: Foul Ball, location: 2F 0-2: Ball 1-2: Ground out 6-3 (Groundball, 6M)
|
Batting: RHB Noel Wells
|
0-0: Ground out 6-3 (Groundball, 6MS)
|
Bottom of the 4th over - 0 run(s), 0 hit(s), 0 error(s), 0 left on base; Seattle 0 - Kingston Township 0 |
TOP OF THE 5TH |
Seattle Aviators batting - Pitching for Kingston Township Legion : RHP Woody Carlson
|
Batting: RHB Sean Davis
|
0-0: Fly out, F9 (Line Drive, 9M)
|
Batting: RHB Brian Williams
|
0-0: Ball 1-0: Swinging Strike 1-1: Called Strike 1-2: Ground out 6-3 (Groundball, 6)
|
Batting: RHB Vernon Caw
|
0-0: Fly out, F6 (Popup, 56D)
|
Top of the 5th over - 0 run(s), 0 hit(s), 0 error(s), 0 left on base; Seattle 0 - Kingston Township 0 |
BOTTOM OF THE 5TH |
Kingston Township Legion batting - Pitching for Seattle Aviators : LHP Dan Mitchell
|
Batting: RHB Stan Pierce
|
0-0: Called Strike 0-1: Swinging Strike 0-2: Foul Ball, location: 2F 0-2: Foul Ball, location: 2F 0-2: Ball 1-2: Ground out 5-3 (Groundball, 5)
|
Batting: RHB Jon Erickson
|
0-0: Fly out, F3 (Popup, 3SF)
|
Batting: LHB Forrest McCooke
|
0-0: Ball 1-0: Swinging Strike 1-1: Swinging Strike 1-2: Ball 2-2: Foul Ball, location: 2F 2-2: Ball 3-2: Strikes out swinging
|
Bottom of the 5th over - 0 run(s), 0 hit(s), 0 error(s), 0 left on base; Seattle 0 - Kingston Township 0 |
TOP OF THE 6TH |
Seattle Aviators batting - Pitching for Kingston Township Legion : RHP Woody Carlson
|
Batting: LHB Kenny Webster
|
0-0: Ball 1-0: Foul Ball, location: 2F 1-1: SINGLE (Line Drive, 34)
|
Batting: RHB Clarence Fox
|
0-0: Ball 1-0: Bunted foul 1-1: Sac Bunt - play at second, runner OUT! 1-6
|
Batting: RHB Randolph Davis
|
0-0: Called Strike Clarence Fox steals 2nd base 0-1: Called Strike 0-2: Fly out, F7 (Flyball, 7D) Runner from 2nd tags up, SAFE at 3rd, no throw
|
Batting: RHB Kenzaburo Hori
|
0-0: Called Strike 0-1: Foul Ball, location: 2F 0-2: Ball 1-2: Ball 2-2: Ball 3-2: Ground out 6-3 (Groundball, 6)
|
Top of the 6th over - 0 run(s), 1 hit(s), 0 error(s), 1 left on base; Seattle 0 - Kingston Township 0 |
BOTTOM OF THE 6TH |
Kingston Township Legion batting - Pitching for Seattle Aviators : LHP Dan Mitchell
|
Batting: LHB Gonzalo López
|
0-0: Called Strike 0-1: Ground out 4-3 (Groundball, 4)
|
Batting: RHB Layton Templeman
|
0-0: Fly out, F6 (Popup, 5)
|
Batting: LHB Clay Rush
|
0-0: Ball 1-0: Swinging Strike 1-1: Ball 2-1: Foul Ball, location: 2F 2-2: Foul Ball, location: 2F 2-2: Foul Ball, location: 2F 2-2: Ball 3-2: Ground out 4-3 (Groundball, 4M)
|
Bottom of the 6th over - 0 run(s), 0 hit(s), 0 error(s), 0 left on base; Seattle 0 - Kingston Township 0 |
TOP OF THE 7TH |
Seattle Aviators batting - Pitching for Kingston Township Legion : RHP Woody Carlson
|
Batting: RHB Tanyu Kimura
|
0-0: Ball 1-0: Ground out 5-3 (Groundball, 5)
|
Batting: LHB Ramón García
|
0-0: Called Strike 0-1: Swinging Strike 0-2: Ball 1-2: Ball 2-2: DOUBLE (Flyball, 9LS)
|
Batting: RHB Sean Davis
|
0-0: Foul Ball, location: 2F 0-1: Ball 1-1: Foul Ball, location: 2F 1-2: Foul Ball, location: 2F 1-2: Ball 2-2: Fly out, F7 (Flyball, 7S)
|
Batting: RHB Brian Williams
|
0-0: Foul Ball, location: 2F 0-1: Ball 1-1: Foul Ball, location: 2F 1-2: Ball 2-2: Foul Ball, location: 2F 2-2: Foul Ball, location: 2F 2-2: Fly out, F8 (Flyball, 89S)
|
Top of the 7th over - 0 run(s), 1 hit(s), 0 error(s), 1 left on base; Seattle 0 - Kingston Township 0 |
BOTTOM OF THE 7TH |
Kingston Township Legion batting - Pitching for Seattle Aviators : LHP Dan Mitchell
|
Batting: RHB Akihiko Oike
|
0-0: Foul Ball, location: 2F 0-1: Called Strike 0-2: Ball 1-2: Strikes out swinging
|
Batting: RHB Pedro Mendoza
|
0-0: Fly out, F7 (Flyball, 78D)
|
Batting: RHB Noel Wells
|
0-0: Foul Ball, location: 2F 0-1: Ball 1-1: Ball 2-1: Ball 3-1: Foul Ball, location: 2F 3-2: Base on Balls
|
Pinch Hitting: RHB Pete Knight
|
0-0: Called Strike 0-1: Ball 1-1: Foul Ball, location: 2F 1-2: Strikes out swinging
|
Bottom of the 7th over - 0 run(s), 0 hit(s), 0 error(s), 1 left on base; Seattle 0 - Kingston Township 0 |
TOP OF THE 8TH |
Seattle Aviators batting - Pitching for Kingston Township Legion : RHP Woody Carlson
|
Now in RF: Ben Daniel
|
|
Batting: RHB Vernon Caw
|
0-0: Called Strike 0-1: Ball 1-1: Foul Ball, location: 2F 1-2: Strikes out swinging
|
Batting: LHB Kenny Webster
|
0-0: Swinging Strike 0-1: Ball 1-1: Foul Ball, location: 2F 1-2: Ball 2-2: Ball 3-2: SINGLE (Groundball, 34D) (infield hit)
|
Batting: RHB Clarence Fox
|
0-0: Ball 1-0: Called Strike 1-1: Ball 2-1: Sac Bunt - play at first, batter OUT! 6-4 Kenny Webster to second
|
Batting: RHB Randolph Davis
|
0-0: Ball 1-0: Foul Ball, location: 2F 1-1: Called Strike 1-2: DOUBLE (Groundball, 5L) Kenny Webster scores
|
Batting: RHB Kenzaburo Hori
|
0-0: Called Strike 0-1: Ball 1-1: Swinging Strike 1-2: Ball 2-2: Ball 3-2: Base on Balls
|
Pitching: RHP Bruce Hamilton
|
|
Batting: RHB Tanyu Kimura
|
0-0: Swinging Strike 0-1: Swinging Strike 0-2: Foul Ball, location: 2F 0-2: Strikes out swinging
|
Top of the 8th over - 1 run(s), 2 hit(s), 0 error(s), 2 left on base; Seattle 1 - Kingston Township 0 |
BOTTOM OF THE 8TH |
Kingston Township Legion batting - Pitching for Seattle Aviators : LHP Dan Mitchell
|
Batting: RHB Jon Erickson
|
0-0: Ball 1-0: Ball 2-0: Ball 3-0: Called Strike 3-1: Fly out, F3 (Popup, 3F)
|
Batting: LHB Forrest McCooke
|
0-0: Called Strike 0-1: Foul Ball, location: 2F 0-2: Foul Ball, location: 2F 0-2: Ball 1-2: Foul Ball, location: 2F 1-2: Ground out 6-3 (Groundball, 6)
|
Batting: LHB Gonzalo López
|
0-0: Foul Ball, location: 2F 0-1: Ball 1-1: Ball 2-1: Foul Ball, location: 2F 2-2: Ground out 4-3 (Groundball, 34)
|
Bottom of the 8th over - 0 run(s), 0 hit(s), 0 error(s), 0 left on base; Seattle 1 - Kingston Township 0 |
TOP OF THE 9TH |
Seattle Aviators batting - Pitching for Kingston Township Legion : RHP Bruce Hamilton
|
Batting: LHB Ramón García
|
0-0: Ground out 4-3 (Groundball, 34)
|
Batting: RHB Sean Davis
|
0-0: Foul Ball, location: 2F 0-1: Called Strike 0-2: Strikes out swinging
|
Batting: RHB Brian Williams
|
0-0: Called Strike 0-1: Called Strike 0-2: Ball 1-2: Strikes out looking
|
Top of the 9th over - 0 run(s), 0 hit(s), 0 error(s), 0 left on base; Seattle 1 - Kingston Township 0 |
BOTTOM OF THE 9TH |
Kingston Township Legion batting - Pitching for Seattle Aviators : LHP Dan Mitchell
|
Pitching: RHP José Trujillo
|
|
Now at 3B: Tynan Hawkins
|
|
Batting: RHB Layton Templeman
|
0-0: Ball 1-0: Swinging Strike 1-1: Fly out, F7 (Flyball, 78M)
|
Batting: LHB Clay Rush
|
0-0: Foul Ball, location: 2F 0-1: Ball 1-1: Ball 2-1: Foul Ball, location: 2F 2-2: Ball 3-2: Foul Ball, location: 2F 3-2: Base on Balls
|
Batting: RHB Akihiko Oike
|
0-0: Ball Clay Rush steals 2nd base 1-0: Foul Ball, location: 2F 1-1: Ball 2-1: Foul Ball, location: 2F 2-2: Foul Ball, location: 2F 2-2: Ball 3-2: Base on Balls
|
Batting: RHB Pedro Mendoza
|
0-0: Swinging Strike 0-1: Ball 1-1: Ball 2-1: Swinging Strike 2-2: Strikes out swinging
|
Pinch Hitting: RHB Ralph May
|
0-0: Ball 1-0: Called Strike 1-1: Swinging Strike 1-2: Strikes out swinging
|
Bottom of the 9th over - 0 run(s), 0 hit(s), 0 error(s), 2 left on base; Seattle 1 - Kingston Township 0 |
|